 Dungeon Crawl Stone Soup version 0.21.1-1-g345015f (webtiles) character file.

63 Fang the Skirmisher (level 4, -4/43 HPs)
             Began as a Gargoyle Berserker on May 21, 2018.
             Was a Believer of Trog.
             Slain by fitz's ghost (11 damage)
             ... on level 3 of the Dungeon.
             The game lasted 00:01:44 (1951 turns).

Fang the Skirmisher (Gargoyle Berserker)            Turns: 1951, Time: 00:01:45

Health: -4/43      AC:  5    Str: 26    XL:     4   Next: 9%
Magic:  4/4        EV: 12    Int:  8    God:    Trog [**....]
Gold:   65         SH:  0    Dex:  9    Spells: 3/3 levels left

rFire    . . .     SeeInvis .   a - +0 hand axe
rCold    . . .     Gourm    .   (no shield)
rNeg     + . .     Faith    .   b - +0 animal skin
rPois    ∞         Spirit   .   (no helmet)
rElec    +         Reflect  .   (no cloak)
rCorr    .         Harm     .   (no gloves)
MR       .....                  (no boots)
Stlth    ..........             (no amulet)
HPRegen  0.14/turn              (no ring)
MPRegen  0.09/turn              (no ring)

@: berserking, very quick
A: negative energy resistance 1, electricity resistance, unbreathing,
petrification resistance, rot immunity, AC +3
a: Berserk, Trog's Hand, Burn Spellbooks, Renounce Religion


You were on level 3 of the Dungeon.
You worshipped Trog.
Trog was pleased with you.
You were near starving.

You visited 1 branch of the dungeon, and saw 3 of its levels.

You collected 65 gold pieces.

Inventory:

Hand Weapons
 a - a +0 hand axe (weapon)
Armour
 b - a +0 animal skin (worn)
Scrolls
 d - a scroll of magic mapping {unknown}
 e - 3 scrolls of identify {unknown}
 g - 2 scrolls of immolation {unknown}
 h - a scroll of enchant armour {unknown}
 i - a scroll of blinking {unknown}
Potions
 f - a potion of flight {unknown}
 j - 2 potions of lignification {unknown}
Comestibles
 c - 6 rations


   Skills:
 + Level 4.1 Fighting
 + Level 3.4 Axes
 + Level 2.3 Armour
 + Level 2.0 Dodging
 + Level 0.2 Stealth


You had 3 spell levels left.
You didn't know any spells.

Dungeon Overview and Level Annotations

Branches:
Dungeon (3/15)

Altars:
Fedhas
Qazlal

Annotations:
D:3 Sigmund; fitz's ghost, amateur HOFi


Innate Abilities, Weirdness & Mutations

You are resistant to torment.
Your stone body is resilient. (AC +3)
You are immune to poison.
You resist negative energy. (rN+)
You are resistant to electric shocks. (rElec)
You can survive without breathing.
You are immune to petrification.
You are immune to rotting.


Message History

Fitz's ghost is lightly damaged.
Fitz's ghost hits you!
You are too injured to fight recklessly!
A red film seems to cover your vision as you go berserk!
You feel yourself moving faster!
You feel mighty!
You are near starving!
Fitz's ghost hits you but does no damage.
You are too injured to fight recklessly!
You feel a strong urge to attack something.
Fitz's ghost says, "I'll split you in two!"
Fitz's ghost hits you.
* * * LOW HITPOINT WARNING * * *
Unknown command.
You closely miss fitz's ghost.
Fitz's ghost is lightly damaged.
Sigmund casts a spell at you. The puff of flame hits you!
* * * LOW HITPOINT WARNING * * *
Fitz's ghost hits you!
You die...

#.#.# #.#.#
#.#># #.#.#
#...## ##...#
#.#.# #.#.#
######.###w
#.#.#
#..@.@.....
#.#.#
#.#W######.
#)#.# #.#.#
#.#.###### #.#.#
#........###.#.#
###..........#.#
######.#####?#
#.......#
#########


You could see Sigmund, fitz's ghost and a dart slug (wandering).

Vanquished Creatures
  An adder (D:2)
  2 oozes (D:2)
  A dart slug (D:1)
  A worm (D:2)
  2 leopard geckos
  11 bats
  3 giant cockroaches
  4 hobgoblins
  A frilled lizard (D:1)
  6 goblins
  3 kobolds
  3 rats
38 creatures vanquished.

Notes
Turn   | Place    | Note
-------+----------+-------------------------------------------
     0 | D:1      | Fang the Gargoyle Berserker began the quest for the Orb.
     0 | D:1      | Reached XP level 1. HP: 14/14 MP: 1/1
   388 | D:1      | Reached XP level 2. HP: 19/19 MP: 2/2
   975 | D:2      | Reached XP level 3. HP: 22/24 MP: 3/3
  1291 | D:2      | Reached skill level 4 in Fighting
  1331 | D:2      | Reached ** piety under Trog
  1662 | D:2      | Found a blossoming altar of Fedhas.
  1666 | D:2      | Found a stormy altar of Qazlal.
  1698 | D:2      | Reached XP level 4. HP: 29/29 MP: 4/4
  1946 | D:3      | Noticed fitz's ghost (amateur HOFi)
  1947 | D:3      | Noticed Sigmund
  1951 | D:3      | Slain by fitz's ghost

Skill      XL: |  1  2  3 |
---------------+----------+-----
Axes           | 3 |  3.4
Fighting       | 4 |  4.1
Dodging        | 2 |  2.0
Armour         | |  2.3
Stealth        | |  0.2

Action                   |  1- 3 |  4- 6 || total
-------------------------+-------+-------++-------
Melee: Hand axe          |   115 |     9 ||   124
Invok: Berserk           |     1 |     1 ||     2
 Stab: Sleeping          |       |     1 ||     1
  Eat: Chunk             |     2 |     1 ||     3
Armor: Animal skin       |    39 |     3 ||    42
Dodge: Dodged            |    91 |     3 ||    94
